 Dungeon Crawl Stone Soup version 0.28-a0-1506-g3893175d92 (webtiles) character file.

Game seed: 6833579627371181231

166 oldriver the Ducker (level 5, 0/43 HPs)
             Began as a Gnoll Gladiator on Jan 14, 2022.
             Slain by an ogre (7 damage)
             ... on level 4 of the Dungeon.
             The game lasted 00:02:58 (2907 turns).

oldriver the Ducker (Gnoll Gladiator)               Turns: 2907, Time: 00:02:59

Health: 0/43       AC: 13    Str: 13 (15) XL:     5   Next: 47%
Magic:  7/7        EV: 13    Int:  7 (8)  God:
Gold:   13         SH:  0    Dex: 11 (13) Spells: 7/7 levels left

rFire   . . .      SeeInvis .   f - +0 halberd (protect)
rCold   . . .      Faith    .   (shield currently unavailable)
rNeg    . . .      Spirit   .   b - +0 leather armour
rPois   +          Reflect  .   c - +0 helmet
rElec   .          Harm     .   (no cloak)
rCorr   +          Rampage  .   r - +0 pair of gloves
Will    .....                   l - +0 pair of boots
Stlth   +.........              k - amulet of magic regeneration
HPRegen 0.14/turn               i - ring of poison resistance
MPRegen 0.50/turn               p - ring of resist corrosion

@: under a protective aura
A: fangs 1, strong nose, distributed training
a: no special abilities


You were on level 4 of the Dungeon.
You visited 1 branch of the dungeon, and saw 4 of its levels.

You collected 13 gold pieces.

Inventory:

Hand Weapons
 a - a +0 long sword
 f - a +0 halberd of protection (weapon)
Missiles
 d - 3 throwing nets (quivered)
 g - 6 poisoned darts
Armour
 b - a +0 leather armour (worn)
 c - a +0 helmet (worn)
 l - a +0 pair of boots (worn)
 r - a +0 pair of gloves (worn)
 t - a +0 buckler
Jewellery
 i - a ring of poison resistance (left hand)
 k - an amulet of magic regeneration (around neck)
 p - a ring of resist corrosion (right hand)
Scrolls
 o - a scroll of summoning {unknown}
Potions
 e - a potion of berserk rage


   Skills:
 + Level 4.8 Fighting
 + Level 1.5 Short Blades
 + Level 6.7 Long Blades
 + Level 1.5 Axes
 + Level 1.5 Maces & Flails
 + Level 1.5 Polearms
 + Level 1.5 Staves
 + Level 1.5 Slings
 + Level 1.5 Bows
 + Level 1.5 Crossbows
 + Level 4.8 Throwing
 + Level 1.5 Armour
 + Level 6.7 Dodging
 + Level 1.5 Stealth
 + Level 1.5 Shields
 + Level 1.5 Unarmed Combat
 + Level 1.5 Spellcasting
 + Level 1.2 Conjurations
 + Level 1.2 Hexes
 + Level 1.2 Summonings
 + Level 1.2 Necromancy
 + Level 1.2 Translocations
 + Level 1.2 Transmutations
 + Level 1.2 Fire Magic
 + Level 1.2 Ice Magic
 + Level 1.2 Air Magic
 + Level 1.2 Earth Magic
 + Level 1.2 Poison Magic
 + Level 1.7 Invocations
 + Level 1.5 Evocations


You had 7 spell levels left.
You didn't know any spells.
Your spell library contained the following spells:

 Spells                   Type           Power      Damage    Failure   Level
 Scorch                   Fire           4%         2d5       43%         2
 Anguish                  Hex/Necr       1%         N/A       97%         4


Dungeon Overview and Level Annotations

Branches:
Dungeon (4/15)
 Temple: D:4-7

Altars:
Uskayaw
Wu Jian

Shops:
D:3 *

Annotations:
D:3 4 runed translucent doors, Crazy Yiuf; agentchuck's ghost, amateur HOWz; croobank's ghost, amateur OpTm


Innate Abilities, Weirdness & Mutations

You have very sharp teeth.
Your uncanny sense of smell can sniff out nearby items.
Your experience applies equally to all skills.


Message History

You feel a little less clever now.
You hear the brisk hiss of an avalanche of sand very nearby.
Key pressed, stopping explore.
You hear the brisk hiss of an avalanche of sand very nearby.
HP restored.
You hear the brisk hiss of an avalanche of sand nearby.
Things that are here:
a +0 flail; a gnoll skeleton You see here a +0 flail.
An ogre comes into view. It is wielding a +0 giant club.
An ogre is nearby!
You see here a +0 flail.
Things that are here:
a +0 flail; a gnoll skeleton You start removing your armour.
You continue taking off your +0 buckler. x3
The ogre shouts!
You continue taking off your +0 buckler.
You finish taking off your +0 buckler.
Your +0 halberd of protection hums with potential!
f - a +0 halberd of protection (weapon)
You puncture the ogre!
Your weapon exudes an aura of protection.
The ogre is moderately wounded.
The ogre closely misses you.
You hit the ogre but do no damage.
The ogre is moderately wounded.
The ogre hits you with a +0 giant club!!
Ouch! That really hurt!
You puncture the ogre!
The ogre is heavily wounded.
The ogre misses you.
You hit the ogre. You bite the ogre.
The ogre is severely wounded.
The ogre barely misses you. The ogre hits you with a +0 giant club!
* * * LOW HITPOINT WARNING * * *
You barely miss the ogre.
The ogre is severely wounded.
The ogre hits you with a +0 giant club!
You die...

#.###.# #.# #.#
#.# #.# #.#
#.########### #.#
#......†)...# #.#
###########.# #.#
*,,,,,,,,#.# #.#
*,******,#.# #@#
*,* ****,#.# #O#
*,* *,,,,#.# #)#
*,* *,,,,#.# #.#
*,***,,,,#.#
#.#***,*,,,,,,#.##
#......O.*,,,,#...
##.......,,***####
*.####..*,,,,,,,,
*!#**,,***,,*****


You could see an ogre.

Vanquished Creatures
  A bullfrog zombie (D:3)
  4 gnolls (D:4)
  3 adders (D:3)
  A worm (D:2)
  2 dart slugs
  An orc (D:2)
  A bat (D:1)
  6 endoplasms
  3 giant cockroaches
  7 goblins
  6 hobgoblins
  3 jackals (D:1)
  8 kobolds
  3 quokkas
  8 ball pythons
  3 frilled lizards
  3 rats
63 creatures vanquished.

Vanquished Creatures (others)
  6 withered plants (D:3)
6 creatures vanquished.

Grand Total: 69 creatures vanquished

Notes
Turn   | Place    | Note
-------+----------+-------------------------------------------
     0 | D:1      | oldriver the Gnoll Gladiator began the quest for the Orb.
     0 | D:1      | Reached XP level 1. HP: 20/20 MP: 1/1
    43 | D:1      | Reached XP level 2. HP: 26/26 MP: 2/2
   331 | D:1      | Reached XP level 3. HP: 31/31 MP: 3/3
   596 | D:1      | Reached skill level 1 in Invocations
  1150 | D:2      | Got the Guide on Burning Curses
  1244 | D:2      | Reached skill level 1 in Short Blades
  1244 | D:2      | Reached skill level 1 in Axes
  1244 | D:2      | Reached skill level 1 in Maces & Flails
  1244 | D:2      | Reached skill level 1 in Polearms
  1244 | D:2      | Reached skill level 1 in Staves
  1244 | D:2      | Reached skill level 1 in Slings
  1244 | D:2      | Reached skill level 1 in Bows
  1244 | D:2      | Reached skill level 1 in Crossbows
  1244 | D:2      | Reached skill level 1 in Armour
  1244 | D:2      | Reached skill level 1 in Stealth
  1244 | D:2      | Reached skill level 1 in Shields
  1244 | D:2      | Reached skill level 1 in Unarmed Combat
  1244 | D:2      | Reached skill level 1 in Spellcasting
  1244 | D:2      | Reached skill level 1 in Evocations
  1342 | D:2      | Found a faded altar of an unknown god.
  1793 | D:3      | Found a runed translucent gate.
  1793 | D:3      | Found a runed translucent gate.
  1794 | D:3      | Found a runed translucent gate.
  1798 | D:3      | Noticed agentchuck's ghost (amateur HOWz)
  1798 | D:3      | Noticed croobank's ghost (amateur OpTm)
  1850 | D:3      | Reached XP level 4. HP: 34/38 MP: 5/5
  1901 | D:3      | Reached skill level 1 in Conjurations
  1901 | D:3      | Reached skill level 1 in Hexes
  1901 | D:3      | Reached skill level 1 in Summonings
  1901 | D:3      | Reached skill level 1 in Necromancy
  1901 | D:3      | Reached skill level 1 in Translocations
  1901 | D:3      | Reached skill level 1 in Transmutations
  1901 | D:3      | Reached skill level 1 in Fire Magic
  1901 | D:3      | Reached skill level 1 in Ice Magic
  1901 | D:3      | Reached skill level 1 in Air Magic
  1901 | D:3      | Reached skill level 1 in Earth Magic
  1901 | D:3      | Reached skill level 1 in Poison Magic
  2046 | D:3      | Found an ornate altar of the Wu Jian Council.
  2142 | D:3      | Found a runed translucent door.
  2143 | D:3      | Noticed Crazy Yiuf
  2304 | D:3      | Found Ecaytz's General Store.
  2333 | D:3      | Found a hide-covered altar of Uskayaw.
  2393 | D:3      | Reached XP level 5. HP: 43/43 MP: 5/7
  2892 | D:4      | Noticed an ogre
  2907 | D:4      | Slain by an ogre

Illustrated notes

Levels and vault maps discovered:
D:1:      doesnt_arrival_eight_statues, layout_basic, st_stairs_3,
          amcnicky_mini_rare_corridor_liquid, minmay_tree_intersection,
          item_on_display_b
D:2:      minmay_general_purpose_star, layout_basic,
          shapermc_ecumenical_altar_totnotflames, grunt_ministairs_11
D:3:      layout_loops_ring, nicolae_wu_jian_immortal_techniques,
          mainiacjoe_overflow_six_doors_small, gammafunk_ghost_cemetery,
          serial_shops, shop, uniq_crazy_yiuf_cottage
D:4:      layout_basic, mainiacjoe_overflow_paths, gup_ossuary_entry_pyramid,
          minmay_ogre_servants

Skill      XL: |  1  2  3  4 |
---------------+-------------+-----
Invocations    | 1 |  1.7
Short Blades   | 1 |  1.5
Axes           | 1 |  1.5
Maces & Flails | 1 |  1.5
Polearms       | 1 |  1.5
Staves         | 1 |  1.5
Slings         | 1 |  1.5
Bows           | 1 |  1.5
Crossbows      | 1 |  1.5
Armour         | 1 |  1.5
Stealth        | 1 |  1.5
Shields        | 1 |  1.5
Unarmed Combat | 1 |  1.5
Spellcasting   | 1 |  1.5
Evocations     | 1 |  1.5
Conjurations   | 1 |  1.2
Hexes          | 1 |  1.2
Summonings     | 1 |  1.2
Necromancy     | 1 |  1.2
Translocations | 1 |  1.2
Transmutations | 1 |  1.2
Fire Magic     | 1 |  1.2
Ice Magic      | 1 |  1.2
Air Magic      | 1 |  1.2
Earth Magic    | 1 |  1.2
Poison Magic   | 1 |  1.2
Fighting       | |  4.8
Long Blades    | |  6.7
Throwing       | |  4.8
Dodging        | |  6.7

Action                   |  1- 3 |  4- 6 || total
-------------------------+-------+-------++-------
Melee: Long sword        |   134 |    64 ||   198
       Bite              |    13 |     9 ||    22
       Punch             |     2 |     3 ||     5
       Halberd           |       |     5 ||     5
  Use: Potion            |       |     7 ||     7
       Scroll            |       |     2 ||     2
 Stab: Sleeping          |     2 |       ||     2
Armor: Leather armour    |    29 |    11 ||    40
Dodge: Dodged            |    88 |    48 ||   136
Block: Buckler           |       |     5 ||     5

Table legend: (Time is in decaauts)
 A = Elapsed time spent in this place.
 B = Non-inter-level travel time spent in this place.
 C = Inter-level travel time spent in this place.
 D = Time resting spent in this place.
 E = Time spent auto-exploring this place.
 F = Levels seen in this place.
 G = Mean time per level.
                   A        B        C        D        E       F      G
               +--------+--------+--------+--------+--------+-----+--------+
         Total |   2914 |   2867 |     47 |     94 |   2193 |   4 |  728.5 |
       Dungeon |   2914 |   2867 |     47 |     94 |   2193 |   4 |  728.5 |
               +--------+--------+--------+--------+--------+-----+--------+

Top non-repeatable levels by time:
     D:2: 940 daAuts
     D:3: 831 daAuts
     D:1: 756 daAuts
     D:4: 385 daAuts
